 Dungeon Crawl Stone Soup version 0.26-a0-663-g36e8fdb655 (webtiles) character file.

Game seed: 13917773203062088891

40 jiml777 the Grasshopper (level 3, 0/31 HPs)
             Began as a Gnoll Warper on Oct 10, 2020.
             Slain by Natasha (1 damage)
             ... on level 2 of the Dungeon.
             The game lasted 00:04:32 (1223 turns).

jiml777 the Grasshopper (Gnoll Warper)              Turns: 1223, Time: 00:04:33

Health: 0/31       AC:  3    Str: 13    XL:     3   Next: 50%
Magic:  9/9        EV: 12    Int: 16    God:
Gold:   48         SH:  0    Dex: 14    Spells: 12/12 levels left

rFire    . . .     SeeInvis .   k - +2 dagger (speed)
rCold    . . .     Faith    .   (no shield)
rNeg     . . .     Spirit   .   g - +0 ring mail
rPois    .         Reflect  .   (helmet restricted)
rElec    .         Harm     .   (no cloak)
rCorr    .         Rampage  .   (no gloves)
MR       .....                  (no boots)
Stlth    +.........             (no amulet)
HPRegen  0.10/turn              (no ring)
MPRegen  0.11/turn              (no ring)

@: no status effects
A: distributed training, antennae 1, fangs 1, deformed body, strong nose
a: no special abilities


You were on level 2 of the Dungeon.
You visited 1 branch of the dungeon, and saw 2 of its levels.

You collected 48 gold pieces.

Inventory:

Hand Weapons
 a - a +0 spear
 k - a +2 dagger of speed (weapon)
Missiles
 c - 9 poisoned darts (quivered)
 e - 5 boomerangs of dispersal
Armour
 b - a +0 leather armour
 g - a +0 ring mail (worn)
Scrolls
 d - a scroll of blinking
 f - 3 scrolls of identify {unknown}
 j - a scroll of immolation {unknown}
Potions
 i - a potion of degeneration {unknown}


   Skills:
 + Level 4.5 Fighting
 + Level 0.8 Short Blades
 + Level 0.8 Long Blades
 + Level 0.8 Axes
 + Level 0.8 Maces & Flails
 + Level 4.5 Polearms
 + Level 0.8 Staves
 + Level 0.8 Slings
 + Level 0.8 Bows
 + Level 0.8 Crossbows
 + Level 2.6 Throwing
 + Level 2.6 Armour
 + Level 4.5 Dodging
 + Level 0.8 Stealth
 + Level 0.8 Shields
 + Level 0.8 Unarmed Combat
 + Level 5.0 Spellcasting
 + Level 0.5 Conjurations
 + Level 0.5 Hexes
 + Level 0.5 Summonings
 + Level 0.5 Necromancy
 + Level 5.4 Translocations
 + Level 0.5 Transmutations
 + Level 0.5 Fire Magic
 + Level 0.5 Ice Magic
 + Level 0.5 Air Magic
 + Level 0.5 Earth Magic
 + Level 0.5 Poison Magic
 + Level 1.0 Invocations
 + Level 0.8 Evocations


You had 12 spell levels left.
You didn't know any spells.
Your spell library contained the following spells:

 Spells                   Type           Power        Failure   Level
 Blink                    Tloc           N/A          4%          2
 Gell's Gravitas          Tloc           ###.......   10%         3
 Lesser Beckoning         Tloc           ###.......   10%         3
 Teleport Other           Tloc           ###.....     10%         3
 Passage of Golubria      Tloc           N/A          32%         4


Dungeon Overview and Level Annotations

Branches:
Dungeon (2/15)

Altars:

Annotations:
D:2 Natasha


Innate Abilities, Weirdness & Mutations

Your experience applies equally to all skills.
You have very sharp teeth.
Your uncanny sense of smell can sniff out nearby items.
You have a pair of small antennae on your head.
Armour fits poorly on your strangely shaped body.


Message History

The white imp gestures at you. The puff of frost hits you!
* * * LOW HITPOINT WARNING * * *
The crimson imp blinks!
Natasha closely misses you.
Items here: $ ( ) †.
You hit Natasha. You bite Natasha, but do no damage.
Natasha is moderately wounded.
The crimson imp hits you but does no damage.
The white imp gestures at you. The puff of frost hits you!
* * * LOW HITPOINT WARNING * * *
You hit Natasha but do no damage.
Natasha is moderately wounded.
Natasha claws you but does no damage. The crimson imp misses you.
The white imp gestures at you. The puff of frost misses you.
It was a potion of mutation.
You feel extremely strange.
Your body twists and deforms.
A pair of antennae grows on your head! Natasha claws you.
You die...

#...# ####.......#
#...### #....##.#
#...#.# #..#.##.#
#...#.####.##.##†####
#........>...........
#.......#....<.......
#.....#.<............
#.......##.#.†.......
####@##.##...........
#h##.####........≈
#.>55...# #.......≈§
##...5...# #.....≈≈##
###.....# #.......#
.............≈..#
.....#### .....#
......#


You could see Natasha, 2 crimson imps and a white imp (summoned).

Vanquished Creatures
  2 dart slugs (D:1)
  A leopard gecko (D:1)
  4 bats
  A giant cockroach (D:1)
  8 goblins
  5 hobgoblins
  5 kobolds
  2 frilled lizards
  4 rats
32 creatures vanquished.

Notes
Turn   | Place    | Note
-------+----------+-------------------------------------------
     0 | D:1      | jiml777 the Gnoll Warper began the quest for the Orb.
     0 | D:1      | Reached XP level 1. HP: 20/20 MP: 6/6
    93 | D:1      | Reached XP level 2. HP: 17/26 MP: 7/7
   802 | D:1      | Reached XP level 3. HP: 30/31 MP: 9/9
   860 | D:1      | Reached skill level 5 in Spellcasting
  1175 | D:2      | Reached skill level 1 in Invocations
  1200 | D:2      | Noticed Natasha
  1220 | D:2      | HP: 1/31 [white imp/puff of frost[Natasha] (8)]
  1223 | D:2      | Gained mutation: Armour fits poorly on your strangely
                  | shaped body. [potion of mutation]
  1223 | D:2      | Gained mutation: You have a pair of small antennae on your
                  | head. [potion of mutation]
  1223 | D:2      | Slain by Natasha

Illustrated notes

Levels and vault maps discovered:
D:1:      dpeg_arrival_boxes_within_box, layout_basic
D:2:      layout_basic, nicolae_qazlal_general_emergency,
          grunt_temple_overflow_open, uniq_natasha

Skill      XL: |  1  2  3 |
---------------+----------+-----
Spellcasting   | 5 |  5.0
Invocations    | 1 |  1.0
Fighting       | |  4.5
Short Blades   | |  0.8
Long Blades    | |  0.8
Axes           | |  0.8
Maces & Flails | |  0.8
Polearms       | |  4.5
Staves         | |  0.8
Slings         | |  0.8
Bows           | |  0.8
Crossbows      | |  0.8
Throwing       | |  2.6
Armour         | |  2.6
Dodging        | |  4.5
Stealth        | |  0.8
Shields        | |  0.8
Unarmed Combat | |  0.8
Conjurations   | |  0.5
Hexes          | |  0.5
Summonings     | |  0.5
Necromancy     | |  0.5
Translocations | |  5.4
Transmutations | |  0.5
Fire Magic     | |  0.5
Ice Magic      | |  0.5
Air Magic      | |  0.5
Earth Magic    | |  0.5
Poison Magic   | |  0.5
Evocations     | |  0.8

Action                   || total
-------------------------++-------
Melee: Spear             ||    86
       Bite              ||     9
       Dagger            ||    28
Throw: Dart              ||     7
  Use: Potion            ||     1
 Stab: Sleeping          ||     1
Armor: Ring mail         ||    29
       Leather armour    ||     3
Dodge: Dodged            ||    76

Table legend: (Time is in decaauts)
 A = Elapsed time spent in this place.
 B = Non-inter-level travel time spent in this place.
 C = Inter-level travel time spent in this place.
 D = Time resting spent in this place.
 E = Time spent auto-exploring this place.
 F = Levels seen in this place.
 G = Mean time per level.
                   A        B        C        D        E       F      G
               +--------+--------+--------+--------+--------+-----+--------+
         Total |   1201 |   1166 |     35 |    220 |    631 |   2 |  600.5 |
       Dungeon |   1201 |   1166 |     35 |    220 |    631 |   2 |  600.5 |
               +--------+--------+--------+--------+--------+-----+--------+

Top non-repeatable levels by time:
     D:1: 1114 daAuts
     D:2: 86 daAuts
